 Dungeon Crawl Stone Soup version 0.28.0 (webtiles) character file.

Game seed: 8293911598344114768

1271 Lambsauce the Ducker (level 8, -12/78 HPs)
             Began as a Troll Fighter on Feb 14, 2022.
             Killed from afar by a steam dragon (23 damage)
             ... with a ball of steam
             ... on level 6 of the Dungeon.
             The game lasted 00:20:48 (4198 turns).

Lambsauce the Ducker (Troll Fighter)                Turns: 4198, Time: 00:20:49

Health: -12/78     AC:  4    Str: 31    XL:     8   Next: 28%
Magic:  7/7        EV:  9    Int:  4    God:
Gold:   231        SH:  8    Dex: 11    Spells: 7/7 levels left

rFire   . . .      SeeInvis .   q - +4 hand axe (freeze)
rCold   . . .      Faith    .   c - +0 kite shield
rNeg    . . .      Spirit   .   b - +0 robe
rPois   .          Reflect  .   (helmet restricted)
rElec   .          Harm     .   (no cloak)
rCorr   .          Rampage  .   (gloves unavailable)
Will    .....                   (boots unavailable)
Stlth   +.........              (no amulet)
HPRegen 1.03/turn               k - +6 ring of strength
MPRegen 0.10/turn               (no ring)

@: lethally poisoned (-12 -> -12)
A: large, unfitting armour, claws 3, regeneration 1, shaggy fur 1, tough skin 1
a: no special abilities


You were on level 6 of the Dungeon.
You visited 1 branch of the dungeon, and saw 6 of its levels.

You collected 231 gold pieces.

Inventory:

Hand Weapons
 a - a +0 long sword
 m - a +2 short sword of flaming
 q - a +4 hand axe of freezing (weapon)
Missiles
 t - 4 poisoned darts
Armour
 b - a +0 robe (worn)
 c - a +0 kite shield (worn)
 r - a +0 pair of boots
Magical Staves
 w - a staff of cold
Jewellery
 k - a +6 ring of strength (left claw)
Wands
 u - a wand of polymorph (6) (quivered)
 y - a wand of flame (10)
Scrolls
 e - 3 scrolls of noise
 h - 2 scrolls of enchant armour
 i - a scroll of blinking
Potions
 d - 3 potions of might
 f - 3 potions of curing {unknown}
 j - a potion of magic
 l - a potion of brilliance {unknown}
 n - 3 potions of lignification {unknown}
 o - a potion of ambrosia {unknown}
 p - a potion of flight
 s - a potion of berserk rage {unknown}
 v - 2 potions of heal wounds {unknown}


   Skills:
 + Level 4.0 Fighting
 + Level 3.2(3.7) Short Blades
 + Level 2.6(3.4) Long Blades
 + Level 3.2 Axes
 + Level 2.0 Throwing
 + Level 4.2 Dodging
 + Level 0.6 Stealth
 + Level 4.1 Shields


You had 7 spell levels left.
You didn't know any spells.
Your spell library contained the following spells:

 Spells                   Type           Power      Damage    Failure   Level
 Scorch                   Fire           0%         2d5       89%         2
 Flame Wave               Conj/Fire      0%         2d4       100%        4
 Summon Cactus Giant      Summ           0%         N/A       100%        6


Dungeon Overview and Level Annotations

Branches:
Dungeon (6/15)             Temple (0/1) D:5

Altars:
Ashenzari
Cheibriados
Dithmenos
Gozag
Hepliaklqana
Ru
Zin

Shops:
D:2 [*   D:5 ?

Annotations:
D:6 1 transporter


Innate Abilities, Weirdness & Mutations

You are too large for most types of armour.
You have claws for hands.
Your natural rate of healing is unusually fast.
You are covered in fur. (AC +1)
You have tough skin. (AC +1)


Message History

The killer bee stings you!
* * * LOW HITPOINT WARNING * * *
As you read the scroll of fear, it crumbles to dust.
You assume a fearsome visage.
The steam dragon looks frightened!
The killer bee looks frightened!
You are engulfed in a cloud of scalding steam.
* * * LOW HITPOINT WARNING * * *
You feel very sick.
The killer bee is engulfed in a cloud of scalding steam.
The killer bee barely misses your shadow imp.
Your shadow imp barely misses the killer bee.
Your adder is engulfed in a cloud of scalding steam.
Your adder barely misses the killer bee.
The killer bee is engulfed in a cloud of scalding steam.
The killer bee dies!
Your Fighting skill increases to level 4!
You feel sick.
Your adder is engulfed in a cloud of scalding steam.
You feel sick.
There is a fountain of clear blue water here.
Blink to where?
Press: ? - help, Dir - move target, p - steam dragon
Okay, then.
Blink to where?
Press: ? - help, Dir - move target, f - you, p - steam dragon
Okay, then.
You feel sick.
Cornered, the steam dragon turns to fight!
You feel sick.
You feel sick.
You open the door.
You feel sick. The steam dragon breathes steam at you.
The ball of steam hits your shadow imp!!
Your shadow imp dies!
Your shadow imp dissolves into shadows!
The ball of steam hits your adder!!
Your adder dies!
Your adder's corpse dissolves into shadows!
The ball of steam hits you!!
You die...

#....##########.###.......#.#
+.....................###.#.#
#.......###...#.....#.# #.#.#
##..........©....##.#.# #.#<#
#.......#######.####.# #.###
#.......#8.©.8#.# ##.###.#
#.......#P.!.P#.# #......###
#.......###'###.# #........#
##.####.#≈.@.≈#.# #.####.###
#.# #.#≈.§.≈#.# #.# #.#
####.# #.#≈§S.≈#.# #.####.#
#....# #.#≈§⌠.≈#.# #......#
#.#### #.#≈DO.≈#.# ########
#.# #.#≈...≈#.# #+##'##
#.#≈...≈#.# ......#
#.###'###.# ....(.#
#.#≈...≈#.#


You could see a steam dragon (catching breath), a friendly ogre (summoned) and a
friendly adder (summoned).

Vanquished Creatures
  Eustachio (D:5)
  A water moccasin (D:6)
  A sky beast (D:6)
  2 necrophages
  2 ogres
  A phantom (D:4)
  A bullfrog (D:6)
  A scorpion (D:6)
  An orc priest (D:5)
  3 orc wizards (D:5)
  A howler monkey zombie (D:4)
  6 gnolls
  6 adders
  A white imp (D:5)
  3 worms (D:2)
  4 dart slugs
  12 orcs
  10 endoplasms
  5 giant cockroaches
  7 goblins
  8 hobgoblins
  4 quokkas
  5 ball pythons
  12 bats
  2 frilled lizards (D:2)
  10 kobolds
  3 rats
113 creatures vanquished.

Vanquished Creatures (others)
  A killer bee (D:6)
  2 plants (D:6)
3 creatures vanquished.

Grand Total: 116 creatures vanquished

Notes
Turn   | Place    | Note
-------+----------+-------------------------------------------
     0 | D:1      | Lambsauce the Troll Fighter began the quest for the Orb.
     0 | D:1      | Reached XP level 1. HP: 22/22 MP: 0/0
    39 | D:1      | Found a faded altar of an unknown god.
    62 | D:1      | Reached XP level 2. HP: 27/29 MP: 1/1
   561 | D:1      | Reached XP level 3. HP: 32/36 MP: 2/2
  1053 | D:2      | Found Lyuhon's Assorted Antiques.
  1241 | D:2      | Reached XP level 4. HP: 27/44 MP: 3/3
  1439 | D:2      | Found Juekheoluf's Antique Armour Boutique.
  2109 | D:4      | Noticed a phantom
  2129 | D:4      | Killed a phantom
  2130 | D:4      | Reached skill level 1 in Short Blades
  2130 | D:4      | Reached XP level 5. HP: 5/53 MP: 4/4
  2187 | D:4      | Found a shadowy altar of Dithmenos.
  2200 | D:4      | Found a glowing silver altar of Zin.
  2205 | D:4      | Found a broken altar of Ashenzari.
  2208 | D:4      | Found a snail-covered altar of Cheibriados.
  2211 | D:4      | Found a sacrificial altar of Ru.
  2215 | D:4      | Found a hazy altar of Hepliaklqana.
  2700 | D:4      | Found an opulent altar of Gozag.
  2888 | D:4      | Noticed an ogre
  2896 | D:4      | Killed an ogre
  2897 | D:4      | Reached XP level 6. HP: 61/61 MP: 5/5
  2973 | D:5      | Entered Level 5 of the Dungeon
  2973 | D:5      | Found Lesi's Magic Scroll Boutique.
  2986 | D:5      | Reached skill level 1 in Throwing
  2989 | D:5      | Noticed Eustachio
  3008 | D:5      | Killed Eustachio
  3009 | D:5      | Reached XP level 7. HP: 59/67 MP: 6/6
  3504 | D:5      | Found a staircase to the Ecumenical Temple.
  3578 | D:5      | Reached skill level 1 in Axes
  3870 | D:6      | Found a transporter.
  3988 | D:6      | Found a transporter.
  4024 | D:6      | Reached XP level 8. HP: 48/78 MP: 7/7
  4198 | D:6      | Killed from afar by a steam dragon

Illustrated notes

Levels and vault maps discovered:
D:1:      lemuel_arrival_behind_the_door_small, layout_basic,
          ebering_ecumenical_altar_box
D:2:      layout_basic, serial_glass, glass_columns_a, glass_columns_a,
          glass_columns_b, glass_columns_a, glass_columns_a, glass_columns_a,
          glass_columns_c, glass_columns_c, serial_shops, nicolae_shop_trees,
          shop_fountains, minmay_nonomino_d4
D:3:      layout_basic
D:4:      layout_cave_pods, grunt_gozag_statues,
          nicolae_overflow_hallway_of_the_gods
D:5:      layout_loops_ring, minmay_temple_entry_from_below_a, serial_shops,
          shop, uniq_eustachio
D:6:      gammafunk_steamed_eel, layout_basic, minmay_fractal_squares_5

Skill      XL: |  1  2  3  4  5  6  7  8 |
---------------+-------------------------+-----
Long Blades    | 2 |  2.6
Shields        | 3 4 |  4.1
Dodging        | 3 4 |  4.2
Fighting       | 3 4 |  4.0
Short Blades   | 1 2 3 |  3.2
Throwing       | 1 2 |  2.0
Axes           | 2 3 |  3.2
Stealth        | |  0.6

Action                   |  1- 3 |  4- 6 |  7- 9 || total
-------------------------+-------+-------+-------++-------
Melee: Long sword        |   124 |       |       ||   124
       Short sword       |    18 |   104 |    10 ||   132
       Hand axe          |       |       |   107 ||   107
Throw: Dart              |       |    21 |     4 ||    25
Evoke: Wand              |       |       |     2 ||     2
  Use: Scroll            |       |     8 |     5 ||    13
       Potion            |       |     3 |       ||     3
 Stab: Sleeping          |     1 |       |       ||     1
Armor: Robe              |    67 |    25 |    27 ||   119
Dodge: Dodged            |    80 |    30 |    51 ||   161
Block: Kite shield       |    65 |    32 |    54 ||   151
